| TOP OF THE 1ST |
|
Kingsport Mets batting - Pitching for San Diego (APP) Padres : RHP Liam Tate
|
|
Pitching: RHP Liam Tate
|
|
|
Batting: LHB Randolph Brodbeck
|
0-0: Foul Ball, location: 2F 0-1: Ball 1-1: Called Strike 1-2: Ball 2-2: Foul Ball, location: 2F 2-2: Foul Ball, location: 2F 2-2: Ball 3-2: Strikes out swinging
|
|
Batting: RHB Warren Carmichael
|
0-0: Ball 1-0: Ground out 6-3 (Groundball, 56D, EV 103.8 MPH)
|
|
Batting: RHB Eric Zylstra
|
0-0: Ball 1-0: Ball 2-0: Called Strike 2-1: Swinging Strike 2-2: Strikes out looking
|
| Top of the 1st over - 0 runs, 0 hits, 0 errors, 0 left on base; Kingsport 0 - San Diego (APP) 0 |
| BOTTOM OF THE 1ST |
|
San Diego (APP) Padres batting - Pitching for Kingsport Mets : LHP Ronnie Stoll
|
|
Pitching: LHP Ronnie Stoll
|
|
|
Batting: RHB Norinaga Yamakawakamatsu
|
0-0: Called Strike 0-1: Ball 1-1: Fly out, F8 (Flyball, 78D, EV 105.6 MPH)
|
|
Batting: RHB Eric McMillian
|
0-0: Ball 1-0: Called Strike 1-1: Foul Ball, location: 2F 1-2: Hit by Pitch
|
|
Batting: RHB Brian Klinkner
|
0-0: Ball 1-0: Ball 2-0: Called Strike 2-1: Called Strike 2-2: Ball 3-2: Fly out, F8 (Line Drive, 8RM, EV 89.4 MPH)
|
|
Batting: LHB Justin Daley
|
0-0: Ball 1-0: Ground out 4-3 (Groundball, 4, EV 106.2 MPH)
|
| Bottom of the 1st over - 0 runs, 0 hits, 0 errors, 1 left on base; Kingsport 0 - San Diego (APP) 0 |
| TOP OF THE 2ND |
|
Kingsport Mets batting - Pitching for San Diego (APP) Padres : RHP Liam Tate
|
|
Batting: RHB Juan Medina
|
0-0: Ball 1-0: Ball 2-0: Ball 3-0: Called Strike 3-1: Fly out, F7 (Flyball, 7D, EV 88.1 MPH)
|
|
Batting: RHB Dan Muse
|
0-0: Called Strike 0-1: Ball 1-1: Swinging Strike 1-2: Strikes out swinging, 2-3 out at first.
|
|
Batting: RHB Artyom Shavkunov
|
0-0: Called Strike 0-1: Ball 1-1: Ball 2-1: Ball 3-1: Foul Ball, location: 2F 3-2: Foul Ball, location: 2F 3-2: Ground out 4-3 (Groundball, 4, EV 85.0 MPH)
|
| Top of the 2nd over - 0 runs, 0 hits, 0 errors, 0 left on base; Kingsport 0 - San Diego (APP) 0 |
| BOTTOM OF THE 2ND |
|
San Diego (APP) Padres batting - Pitching for Kingsport Mets : LHP Ronnie Stoll
|
|
Batting: RHB Phil McFadden
|
0-0: Ball 1-0: Called Strike 1-1: Ball 2-1: Ball 3-1: Base on Balls
|
|
Batting: RHB Max Stillo
|
0-0: Ball 1-0: Swinging Strike 1-1: Called Strike 1-2: Strikes out swinging
|
|
Batting: RHB Gabriel Diaz
|
0-0: Ball 1-0: Ball 2-0: Swinging Strike 2-1: Swinging Strike 2-2: Foul Ball, location: 2F 2-2: Foul Ball, location: 2F 2-2: Ball 3-2: Strikes out swinging
|
|
Batting: LHB Gary Corrales
|
0-0: SINGLE (Flyball, 6MD, EV 96.2 MPH) Phil McFadden to second
|
|
Batting: RHB Brian DeVoe
|
0-0: Called Strike 0-1: Hit by Pitch Phil McFadden to third Gary Corrales to second
|
|
Batting: RHB Norinaga Yamakawakamatsu
|
0-0: Ball 1-0: Foul Ball, location: 2F 1-1: Foul Ball, location: 2F 1-2: Strikes out swinging
|
| Bottom of the 2nd over - 0 runs, 1 hit, 0 errors, 3 left on base; Kingsport 0 - San Diego (APP) 0 |
| TOP OF THE 3RD |
|
Kingsport Mets batting - Pitching for San Diego (APP) Padres : RHP Liam Tate
|
|
Batting: RHB Coltin Nellis
|
0-0: Ball 1-0: Fly out, F7 (Line Drive, 7LS, EV 88.1 MPH)
|
|
Batting: RHB Chris Artz
|
0-0: Fly out, F4 (Popup, 4M, EV 69.4 MPH)
|
|
Batting: RHB Kyle Verkamp
|
0-0: Ground out 6-3 (Groundball, 6, EV 81.2 MPH)
|
| Top of the 3rd over - 0 runs, 0 hits, 0 errors, 0 left on base; Kingsport 0 - San Diego (APP) 0 |
| BOTTOM OF THE 3RD |
|
San Diego (APP) Padres batting - Pitching for Kingsport Mets : LHP Ronnie Stoll
|
|
Batting: RHB Eric McMillian
|
0-0: Swinging Strike 0-1: Ball 1-1: SINGLE (Groundball, 4M, EV 88.1 MPH) (infield hit)
|
|
Batting: RHB Brian Klinkner
|
0-0: Foul Ball, location: 2F 0-1: Ball 1-1: Ball 2-1: Foul Ball, location: 2F 2-2: Ball 3-2: Foul Ball, location: 2F 3-2: Foul Ball, location: 2F 3-2: Ground out 5-3 (Groundball, 56, EV 82.5 MPH) Eric McMillian to second
|
|
Batting: LHB Justin Daley
|
0-0: Called Strike 0-1: Ground out 4-3 (Groundball, 34D, EV 83.8 MPH) Eric McMillian to third
|
|
Batting: RHB Phil McFadden
|
0-0: Called Strike 0-1: Foul Ball, location: 2F 0-2: Ground out U3 (Groundball, 3S, EV 85.0 MPH)
|
| Bottom of the 3rd over - 0 runs, 1 hit, 0 errors, 1 left on base; Kingsport 0 - San Diego (APP) 0 |
| TOP OF THE 4TH |
|
Kingsport Mets batting - Pitching for San Diego (APP) Padres : RHP Liam Tate
|
|
Batting: LHB Randolph Brodbeck
|
0-0: Ball 1-0: Foul Ball, location: 2F 1-1: Called Strike 1-2: Strikes out swinging
|
|
Batting: RHB Warren Carmichael
|
0-0: Ball 1-0: Ball 2-0: DOUBLE (Groundball, 5L, EV 104.4 MPH)
|
|
Batting: RHB Eric Zylstra
|
0-0: Called Strike 0-1: Swinging Strike 0-2: Strikes out looking
|
|
Batting: RHB Juan Medina
|
0-0: Ball 1-0: Ball 2-0: Ball 3-0: Base on Balls
|
|
Batting: RHB Dan Muse
|
0-0: Foul Ball, location: 2F 0-1: Ball 1-1: Foul Ball, location: 2F 1-2: Strikes out swinging
|
| Top of the 4th over - 0 runs, 1 hit, 0 errors, 2 left on base; Kingsport 0 - San Diego (APP) 0 |
| BOTTOM OF THE 4TH |
|
San Diego (APP) Padres batting - Pitching for Kingsport Mets : LHP Ronnie Stoll
|
|
Batting: RHB Max Stillo
|
0-0: Ball 1-0: Ball 2-0: Called Strike 2-1: Called Strike 2-2: Foul Ball, location: 2F 2-2: Foul Ball, location: 2F 2-2: Fly out, F9 (Flyball, 9D, EV 104.4 MPH)
|
|
Batting: RHB Gabriel Diaz
|
0-0: Foul Ball, location: 2F 0-1: Foul Ball, location: 2F 0-2: Strikes out looking
|
|
Batting: LHB Gary Corrales
|
0-0: Ball 1-0: Ball 2-0: Ball 3-0: Called Strike 3-1: Foul Ball, location: 2F 3-2: Strikes out swinging
|
| Bottom of the 4th over - 0 runs, 0 hits, 0 errors, 0 left on base; Kingsport 0 - San Diego (APP) 0 |
| TOP OF THE 5TH |
|
Kingsport Mets batting - Pitching for San Diego (APP) Padres : RHP Liam Tate
|
|
Batting: RHB Artyom Shavkunov
|
0-0: SINGLE (Groundball, 4MD, EV 96.2 MPH)
|
|
Batting: RHB Coltin Nellis
|
0-0: Grounds into double play, U4-3 (Groundball, 6M, EV 89.4 MPH)
|
|
Batting: RHB Chris Artz
|
0-0: Called Strike 0-1: Called Strike 0-2: Strikes out swinging
|
| Top of the 5th over - 0 runs, 1 hit, 0 errors, 0 left on base; Kingsport 0 - San Diego (APP) 0 |
| BOTTOM OF THE 5TH |
|
San Diego (APP) Padres batting - Pitching for Kingsport Mets : LHP Ronnie Stoll
|
|
Batting: RHB Brian DeVoe
|
0-0: Called Strike 0-1: Foul Ball, location: 2F 0-2: Fly out, F6 (Line Drive, 6, EV 68.8 MPH)
|
|
Batting: RHB Norinaga Yamakawakamatsu
|
0-0: Foul Ball, location: 2F 0-1: Ball 1-1: SINGLE (Line Drive, 7S, EV 86.9 MPH)
|
|
Batting: RHB Eric McMillian
|
0-0: Called Strike 0-1: Fielders Choice at 2nd, 4-6 (Groundball, 4, EV 89.4 MPH)
|
|
Batting: RHB Brian Klinkner
|
0-0: Called Strike 0-1: Ball 1-1: SINGLE (Groundball, 6MD, EV 101.9 MPH) Eric McMillian to second
|
|
Batting: LHB Justin Daley
|
0-0: Ball 1-0: Foul Ball, location: 2F 1-1: SINGLE (Groundball, 25, EV 75.0 MPH) (infield hit) Eric McMillian to third Brian Klinkner to second
|
|
Batting: RHB Phil McFadden
|
0-0: Ball 1-0: Called Strike 1-1: Ball 2-1: Swinging Strike 2-2: Ball 3-2: Foul Ball, location: 2F 3-2: Reached on error, E5 (Groundball, 56, EV 103.1 MPH) Eric McMillian scores Brian Klinkner to third Justin Daley to second
|
|
Batting: RHB Max Stillo
|
0-0: Swinging Strike 0-1: Foul Ball, location: 2F Balk! Brian Klinkner scores Justin Daley to third Phil McFadden to second 0-2: Ball 1-2: Foul Ball, location: 2F 1-2: Ball 2-2: Foul Ball, location: 2F 2-2: Strikes out looking
|
| Bottom of the 5th over - 2 runs, 3 hits, 1 error, 2 left on base; Kingsport 0 - San Diego (APP) 2 |
| TOP OF THE 6TH |
|
Kingsport Mets batting - Pitching for San Diego (APP) Padres : RHP Liam Tate
|
|
Batting: RHB Kyle Verkamp
|
0-0: Ball 1-0: Ball 2-0: Foul Ball, location: 2F 2-1: Foul Ball, location: 2F 2-2: Ground out 1-3 (Groundball, 34S, EV 73.8 MPH)
|
|
Batting: LHB Randolph Brodbeck
|
0-0: Ball 1-0: Ball 2-0: Called Strike 2-1: Swinging Strike 2-2: Strikes out swinging
|
|
Batting: RHB Warren Carmichael
|
0-0: Ball 1-0: Called Strike 1-1: Fly out, F8 (Flyball, 8LD, EV 95.0 MPH)
|
| Top of the 6th over - 0 runs, 0 hits, 0 errors, 0 left on base; Kingsport 0 - San Diego (APP) 2 |
| BOTTOM OF THE 6TH |
|
San Diego (APP) Padres batting - Pitching for Kingsport Mets : LHP Ronnie Stoll
|
|
Batting: RHB Gabriel Diaz
|
0-0: Called Strike 0-1: DOUBLE (Line Drive, 78M, EV 91.2 MPH)
|
|
Batting: LHB Gary Corrales
|
0-0: Ball 1-0: Called Strike 1-1: Ball 2-1: Ground out 5-3 (Groundball, 15, EV 81.2 MPH)
|
|
Batting: RHB Brian DeVoe
|
0-0: Ball 1-0: Ground out 5-3 (Groundball, 56S, EV 90.0 MPH)
|
|
Pitching: RHP Mike Whitaker
|
|
|
Batting: RHB Norinaga Yamakawakamatsu
|
0-0: Ball 1-0: Ground out 6-3 (Groundball, 6, EV 80.0 MPH)
|
| Bottom of the 6th over - 0 runs, 1 hit, 0 errors, 1 left on base; Kingsport 0 - San Diego (APP) 2 |
| TOP OF THE 7TH |
|
Kingsport Mets batting - Pitching for San Diego (APP) Padres : RHP Liam Tate
|
|
Batting: RHB Eric Zylstra
|
0-0: Called Strike 0-1: Called Strike 0-2: Strikes out swinging, 2-3 out at first.
|
|
Batting: RHB Juan Medina
|
0-0: Swinging Strike 0-1: Foul Ball, location: 2F 0-2: Strikes out swinging
|
|
Batting: RHB Dan Muse
|
0-0: Called Strike 0-1: Called Strike 0-2: Ball 1-2: Strikes out looking
|
| Top of the 7th over - 0 runs, 0 hits, 0 errors, 0 left on base; Kingsport 0 - San Diego (APP) 2 |
| BOTTOM OF THE 7TH |
|
San Diego (APP) Padres batting - Pitching for Kingsport Mets : RHP Mike Whitaker
|
|
Batting: RHB Eric McMillian
|
0-0: Ball 1-0: Ball 2-0: Swinging Strike 2-1: Swinging Strike 2-2: Ball 3-2: Strikes out swinging
|
|
Batting: RHB Brian Klinkner
|
0-0: Ball 1-0: Ball 2-0: Swinging Strike 2-1: Ball 3-1: DOUBLE (Line Drive, 9LS, EV 100.0 MPH)
|
|
Batting: LHB Justin Daley
|
0-0: Ball 1-0: Ball 2-0: Ball 3-0: Base on Balls
|
|
Batting: RHB Phil McFadden
|
0-0: Ball 1-0: Called Strike 1-1: Ball 2-1: Foul Ball, location: 2F 2-2: Hit by Pitch Brian Klinkner to third Justin Daley to second
|
|
Batting: RHB Max Stillo
|
0-0: Ball 1-0: Ball 2-0: Ball 3-0: Swinging Strike 3-1: Foul Ball, location: 2F 3-2: Grounds into fielders choice 3-2 (Groundball, 34S, EV 80.0 MPH) Justin Daley to third Phil McFadden to second
|
|
Batting: RHB Gabriel Diaz
|
0-0: Called Strike 0-1: Ball 1-1: SINGLE (Groundball, 56S, EV 60.6 MPH) (infield hit) Justin Daley scores Phil McFadden to third Max Stillo to second
|
|
Pitching: RHP Jeremy Delka
|
|
|
Batting: LHB Gary Corrales
|
0-0: Called Strike 0-1: Called Strike 0-2: Ball 1-2: Foul Ball, location: 2F 1-2: Ball 2-2: DOUBLE (Line Drive, 89M, EV 93.8 MPH) Phil McFadden scores Max Stillo scores Gabriel Diaz to third
|
|
Batting: RHB Brian DeVoe
|
0-0: DOUBLE (Line Drive, 9LD, EV 98.1 MPH) Gabriel Diaz scores Gary Corrales scores
|
|
Batting: RHB Norinaga Yamakawakamatsu
|
0-0: Foul Ball, location: 2F 0-1: Ball 1-1: Foul Ball, location: 2F 1-2: Foul Ball, location: 2F 1-2: Ball 2-2: Strikes out looking
|
| Bottom of the 7th over - 5 runs, 4 hits, 0 errors, 1 left on base; Kingsport 0 - San Diego (APP) 7 |
| TOP OF THE 8TH |
|
Kingsport Mets batting - Pitching for San Diego (APP) Padres : RHP Liam Tate
|
|
Batting: RHB Artyom Shavkunov
|
0-0: Ball 1-0: Ball 2-0: Ball 3-0: Ground out 4-3 (Groundball, 4, EV 98.8 MPH)
|
|
Pitching: LHP Cory Watson
|
|
|
Batting: RHB Coltin Nellis
|
0-0: Ball 1-0: Ball 2-0: Called Strike 2-1: Swinging Strike 2-2: Foul Ball, location: 2F 2-2: Ball 3-2: Ground out 5-3 (Groundball, 5, EV 100.6 MPH)
|
|
Batting: RHB Chris Artz
|
0-0: Ball 1-0: Ground out 5-3 (Groundball, 5S, EV 79.4 MPH)
|
| Top of the 8th over - 0 runs, 0 hits, 0 errors, 0 left on base; Kingsport 0 - San Diego (APP) 7 |
| BOTTOM OF THE 8TH |
|
San Diego (APP) Padres batting - Pitching for Kingsport Mets : RHP Jeremy Delka
|
|
Batting: RHB Eric McMillian
|
0-0: Ball 1-0: Reached on error, E4 (Groundball, 34, EV 99.4 MPH)
|
|
Batting: RHB Brian Klinkner
|
0-0: Ball 1-0: Called Strike 1-1: DOUBLE (Flyball, 8LXD, EV 95.6 MPH) Eric McMillian to third Runner from 3rd tries for Home, SAFE, throw by CF to home
|
|
Batting: LHB Justin Daley
|
0-0: Called Strike 0-1: Swinging Strike 0-2: Foul Ball, location: 2F 0-2: Ball 1-2: Foul Ball, location: 2F 1-2: Strikes out swinging
|
|
Batting: RHB Phil McFadden
|
0-0: Ball 1-0: TRIPLE (Flyball, 8RXD, EV 102.5 MPH) Brian Klinkner scores
|
|
Batting: RHB Max Stillo
|
0-0: Called Strike 0-1: Foul Ball, location: 2F 0-2: Ball 1-2: Ball 2-2: Ball 3-2: Foul Ball, location: 2F 3-2: Fly out, F9 (Flyball, 9S, EV 86.2 MPH)
|
|
Batting: RHB Gabriel Diaz
|
0-0: Foul Ball, location: 2F 0-1: DOUBLE (Line Drive, 7LS, EV 88.8 MPH) Phil McFadden scores
|
|
Batting: LHB Gary Corrales
|
0-0: Called Strike 0-1: Foul Ball, location: 2F 0-2: Strikes out swinging
|
| Bottom of the 8th over - 3 runs, 3 hits, 1 error, 1 left on base; Kingsport 0 - San Diego (APP) 10 |
| TOP OF THE 9TH |
|
Kingsport Mets batting - Pitching for San Diego (APP) Padres : LHP Cory Watson
|
|
Batting: RHB Kyle Verkamp
|
0-0: Swinging Strike 0-1: Swinging Strike 0-2: Foul Ball, location: 2F 0-2: Strikes out swinging
|
|
Pinch Hitting: RHB Jim Freels
|
0-0: Foul Ball, location: 2F 0-1: Ball 1-1: Foul Ball, location: 2F 1-2: SINGLE (Flyball, 89M, EV 96.9 MPH)
|
|
Batting: RHB Warren Carmichael
|
0-0: Called Strike 0-1: SINGLE (Line Drive, 4D, EV 105.6 MPH) Jim Freels to second
|
|
Batting: RHB Eric Zylstra
|
0-0: Called Strike 0-1: Swinging Strike 0-2: Ball 1-2: Foul Ball, location: 2F 1-2: Ball 2-2: Foul Ball, location: 2F 2-2: Ball 3-2: Base on Balls Jim Freels to third Warren Carmichael to second
|
|
Batting: RHB Juan Medina
|
0-0: Foul Ball, location: 2F 0-1: Ball 1-1: Ball 2-1: Foul Ball, location: 2F 2-2: Ball 3-2: Foul Ball, location: 2F 3-2: Base on Balls Jim Freels scores Warren Carmichael to third Eric Zylstra to second
|
|
Batting: RHB Dan Muse
|
0-0: Ball 1-0: Called Strike 1-1: Foul Ball, location: 2F 1-2: Foul Ball, location: 2F 1-2: Ball 2-2: Fly out, F3 (Popup, 3SF, EV 69.4 MPH)
|
|
Pitching: RHP Chris Pisor
|
|
|
Batting: RHB Artyom Shavkunov
|
0-0: Foul Ball, location: 2F 0-1: Swinging Strike 0-2: Strikes out swinging
|
| Top of the 9th over - 1 run, 2 hits, 0 errors, 3 left on base; Kingsport 1 - San Diego (APP) 10 |
|